PAA
LANNISTER UNITED LIONHEARTS @ SUN PRAIRIE SWALLOWS
05/22/2025
 
TOP OF THE 1ST
Lannister United Lionhearts batting - Pitching for Sun Prairie Swallows : LHP Xavier Padilla
Pitching: LHP Xavier Padilla
Batting: RHB Bartolo Martínez 0-0: Ball
1-0: Fly out, F8 (Flyball, 8LM)
Batting: LHB Jon Baxter 0-0: Ball
1-0: Ball
2-0: Ball
3-0: Base on Balls
Batting: LHB António Boccanegra 0-0: Foul Ball, location: 2F
0-1: Ball
1-1: SINGLE (Flyball, 7LS)
Jon Baxter to second
Batting: RHB Roberto Vázquez 0-0: Foul Ball, location: 2F
0-1: Ball
1-1: Ball
2-1: DOUBLE (Line Drive, 7LS)
Jon Baxter scores
António Boccanegra to third
Batting: RHB Bruce Ingilby 0-0: Ball
1-0: Foul Ball, location: 2F
1-1: Foul Ball, location: 2F
1-2: Fly out, F9 (Flyball, 9S)
Batting: RHB Lloyd Walsh 0-0: Ground out 6-3 (Groundball, 56)
Top of the 1st over - 1 run(s), 2 hit(s), 0 error(s), 2 left on base; Lannister United 1 - Sun Prairie 0
BOTTOM OF THE 1ST
Sun Prairie Swallows batting - Pitching for Lannister United Lionhearts : LHP Carlos Díaz
Pitching: LHP Carlos Díaz
Batting: RHB José Silva 0-0: Ball
1-0: Ball
2-0: Called Strike
2-1: Ground out 4-3 (Groundball, 4M)
Batting: RHB Ghislain Vespucci 0-0: Swinging Strike
0-1: Ball
1-1: Foul Ball, location: 2F
1-2: Ball
2-2: Ground out 4-3 (Groundball, 4S)
Batting: LHB Jorge Borbón 0-0: SINGLE (Flyball, 7S)
Batting: RHB Luis Hernández 0-0: Fly out, F8 (Flyball, 8RS)
Bottom of the 1st over - 0 run(s), 1 hit(s), 0 error(s), 1 left on base; Lannister United 1 - Sun Prairie 0
TOP OF THE 2ND
Lannister United Lionhearts batting - Pitching for Sun Prairie Swallows : LHP Xavier Padilla
Batting: RHB Tony Martínez 0-0: Swinging Strike
0-1: Ball
1-1: Swinging Strike
1-2: Ball
2-2: Ball
3-2: Strikes out swinging
Batting: SHB Corey Neace 0-0: SINGLE (Line Drive, 56D)
Batting: RHB Jason Compton 0-0: Hit by Pitch
Corey Neace to second
Batting: RHB Bartolo Martínez 0-0: Foul Ball, location: 2F
0-1: Ball
1-1: DOUBLE (Line Drive, 78D)
Corey Neace scores
Jason Compton to third
Batting: LHB Jon Baxter 0-0: Fly out, F7 (Flyball, 7S)
Batting: LHB António Boccanegra 0-0: SINGLE (Line Drive, 78M)
Jason Compton scores
Bartolo Martínez to third
Runner from 3rd tries for Home, SAFE, throw made home
António Boccanegra to second
Batting: RHB Roberto Vázquez 0-0: Fly out, F8 (Line Drive, 8RD)
Top of the 2nd over - 3 run(s), 3 hit(s), 0 error(s), 1 left on base; Lannister United 4 - Sun Prairie 0
BOTTOM OF THE 2ND
Sun Prairie Swallows batting - Pitching for Lannister United Lionhearts : LHP Carlos Díaz
Batting: LHB Carlos Garza 0-0: Ball
1-0: Fly out, F8 (Line Drive, 8LD)
Batting: RHB José Sánchez 0-0: Foul Ball, location: 2F
0-1: Ball
1-1: Called Strike
1-2: Ground out 1-3 (Groundball, 13)
Batting: RHB Matías Torrella 0-0: Ball
1-0: DOUBLE (Flyball, 78D)
Batting: RHB Dan Hart 0-0: Foul Ball, location: 2F
0-1: Ground out U3 (Groundball, 34)
Bottom of the 2nd over - 0 run(s), 1 hit(s), 0 error(s), 1 left on base; Lannister United 4 - Sun Prairie 0
TOP OF THE 3RD
Lannister United Lionhearts batting - Pitching for Sun Prairie Swallows : LHP Xavier Padilla
Batting: RHB Bruce Ingilby 0-0: Fly out, F6 (Line Drive, 6)
Batting: RHB Lloyd Walsh 0-0: Swinging Strike
0-1: SINGLE (Groundball, 6MD)
Batting: RHB Tony Martínez 0-0: Called Strike
0-1: Fly out, F7 (Flyball, 78M)
Batting: SHB Corey Neace 0-0: Ball
1-0: Called Strike
1-1: Swinging Strike
1-2: Foul Ball, location: 2F
1-2: Ball
Lloyd Walsh steals 2nd base
2-2: Ground out 6-3 (Groundball, 6)
Top of the 3rd over - 0 run(s), 1 hit(s), 0 error(s), 1 left on base; Lannister United 4 - Sun Prairie 0
BOTTOM OF THE 3RD
Sun Prairie Swallows batting - Pitching for Lannister United Lionhearts : LHP Carlos Díaz
Batting: RHB Darby Carveth 0-0: Called Strike
0-1: Fly out, F8 (Line Drive, 8LM)
Batting: RHB José Silva 0-0: Called Strike
0-1: Ball
1-1: Foul Ball, location: 2F
1-2: Hit by Pitch
Batting: RHB Ghislain Vespucci 0-0: SINGLE (Line Drive, 6M)
José Silva to second
Batting: LHB Jorge Borbón 0-0: Called Strike
0-1: Foul Ball, location: 2F
0-2: Ball
1-2: Foul Ball, location: 2F
1-2: Strikes out swinging
Batting: RHB Luis Hernández 0-0: Ball
1-0: SINGLE (Groundball, 6D)
José Silva to third
Ghislain Vespucci to second
Runner from 3rd tries for Home, SAFE, no throw
Batting: LHB Carlos Garza 0-0: Ball
1-0: Foul Ball, location: 2F
1-1: Called Strike
1-2: Ball
2-2: Foul Ball, location: 2F
2-2: Ball
3-2: Strikes out looking
Bottom of the 3rd over - 1 run(s), 2 hit(s), 0 error(s), 2 left on base; Lannister United 4 - Sun Prairie 1
TOP OF THE 4TH
Lannister United Lionhearts batting - Pitching for Sun Prairie Swallows : LHP Xavier Padilla
Batting: RHB Jason Compton 0-0: Foul Ball, location: 2F
0-1: Ball
1-1: Swinging Strike
1-2: Ball
2-2: Foul Ball, location: 2F
2-2: Ground out 6-3 (Groundball, 6D)
Batting: RHB Bartolo Martínez 0-0: Ball
1-0: Ball
2-0: Ground out 5-3 (Groundball, 5L)
Batting: LHB Jon Baxter 0-0: Ball
1-0: Foul Ball, location: 2F
1-1: Swinging Strike
1-2: Ball
2-2: Ground out 6-3 (Groundball, 6S)
Top of the 4th over - 0 run(s), 0 hit(s), 0 error(s), 0 left on base; Lannister United 4 - Sun Prairie 1
BOTTOM OF THE 4TH
Sun Prairie Swallows batting - Pitching for Lannister United Lionhearts : LHP Carlos Díaz
Batting: RHB José Sánchez 0-0: Ball
1-0: Ball
2-0: Fly out, F8 (Flyball, 8LS)
Batting: RHB Matías Torrella 0-0: Foul Ball, location: 2F
0-1: Called Strike
0-2: Ball
1-2: Strikes out swinging
Batting: RHB Dan Hart 0-0: Ball
1-0: Foul Ball, location: 2F
1-1: Ball
2-1: Ground out U3 (Groundball, 34S)
Bottom of the 4th over - 0 run(s), 0 hit(s), 0 error(s), 0 left on base; Lannister United 4 - Sun Prairie 1
TOP OF THE 5TH
Lannister United Lionhearts batting - Pitching for Sun Prairie Swallows : LHP Xavier Padilla
Batting: LHB António Boccanegra 0-0: Swinging Strike
0-1: Ball
1-1: Ball
2-1: Foul Ball, location: 2F
2-2: Strikes out swinging
Batting: RHB Roberto Vázquez 0-0: Ball
1-0: Ball
2-0: Called Strike
2-1: SINGLE (Line Drive, 8LS)
Pitching: RHP Sherwood Lang
Batting: RHB Bruce Ingilby 0-0: Ball
1-0: Ball
2-0: Called Strike
2-1: Fly out, F8 (Line Drive, 8LD)
Batting: RHB Lloyd Walsh 0-0: Ball
Roberto Vázquez is caught stealing 2nd base
Top of the 5th over - 0 run(s), 1 hit(s), 0 error(s), 0 left on base; Lannister United 4 - Sun Prairie 1
BOTTOM OF THE 5TH
Sun Prairie Swallows batting - Pitching for Lannister United Lionhearts : LHP Carlos Díaz
Batting: RHB Darby Carveth 0-0: Called Strike
0-1: Ball
1-1: Ball
2-1: Ball
3-1: Base on Balls
Batting: RHB José Silva 0-0: Bunted foul
0-1: Ball
1-1: Bunted foul
1-2: Foul Ball, location: 2F
1-2: Ball
Darby Carveth steals 2nd base
2-2: Ball
3-2: Base on Balls
Batting: RHB Ghislain Vespucci 0-0: Ball
1-0: Foul Ball, location: 2F
1-1: Called Strike
1-2: Ball
2-2: Foul Ball, location: 2F
2-2: Ball
3-2: Fly out, F8 (Flyball, 8RM)
Batting: LHB Jorge Borbón 0-0: Foul Ball, location: 2F
0-1: Foul Ball, location: 2F
0-2: SINGLE (Groundball, 4MD)
Darby Carveth to third
José Silva to second
Runner from 3rd tries for Home, SAFE, throw made home
Batting: RHB Luis Hernández 0-0: Ball
1-0: Foul Ball, location: 2F
1-1: Ball
2-1: Swinging Strike
2-2: Grounds into double play, 6-4-3 (Groundball, 6)
Bottom of the 5th over - 1 run(s), 1 hit(s), 0 error(s), 1 left on base; Lannister United 4 - Sun Prairie 2
TOP OF THE 6TH
Lannister United Lionhearts batting - Pitching for Sun Prairie Swallows : RHP Sherwood Lang
Batting: RHB Lloyd Walsh 0-0: Called Strike
0-1: Foul Ball, location: 2F
0-2: Reached on error, E6 (Groundball, 6D)
Batting: RHB Tony Martínez 0-0: Foul Ball, location: 2F
0-1: Called Strike
0-2: Ball
1-2: Ball
2-2: Ball
3-2: Foul Ball, location: 2F
3-2: Strikes out swinging
Batting: SHB Corey Neace 0-0: Ball
1-0: Ball
2-0: Called Strike
2-1: Foul Ball, location: 2F
2-2: Foul Ball, location: 2F
2-2: Ball
3-2: Foul Ball, location: 2F
3-2: Foul Ball, location: 2F
3-2: SINGLE (Line Drive, 7S)
Lloyd Walsh to second
Batting: RHB Jason Compton 0-0: Called Strike
Lloyd Walsh steals 3rd base
Corey Neace to second
0-1: Ball
1-1: Ball
2-1: Foul Ball, location: 2F
2-2: Ball
3-2: Strikes out swinging
Batting: RHB Bartolo Martínez 0-0: Ball
1-0: Ball
2-0: Foul Ball, location: 2F
2-1: Swinging Strike
2-2: Ball
3-2: Strikes out swinging
Top of the 6th over - 0 run(s), 1 hit(s), 1 error(s), 2 left on base; Lannister United 4 - Sun Prairie 2
BOTTOM OF THE 6TH
Sun Prairie Swallows batting - Pitching for Lannister United Lionhearts : LHP Carlos Díaz
Batting: LHB Carlos Garza 0-0: Ball
1-0: Ball
2-0: Ball
3-0: Called Strike
3-1: Called Strike
3-2: SINGLE (Groundball, 4MD)
Batting: RHB José Sánchez 0-0: Bunted foul
0-1: Sac Bunt - play at first, batter OUT! 1-4
Carlos Garza to second
Batting: RHB Matías Torrella 0-0: Called Strike
0-1: SINGLE (Groundball, 6MD)
Carlos Garza to third
Batting: RHB Dan Hart 0-0: Called Strike
0-1: Fly out, F2 (Popup, 13S)
Batting: RHB Darby Carveth 0-0: Called Strike
0-1: SINGLE (Groundball, 6D)
Carlos Garza scores
Matías Torrella to second
Batting: RHB José Silva 0-0: Fielders Choice at 2nd, 5-4 (Groundball, 56)
Bottom of the 6th over - 1 run(s), 3 hit(s), 0 error(s), 1 left on base; Lannister United 4 - Sun Prairie 3
TOP OF THE 7TH
Lannister United Lionhearts batting - Pitching for Sun Prairie Swallows : RHP Sherwood Lang
Batting: LHB Jon Baxter 0-0: Called Strike
0-1: Ball
1-1: Ball
2-1: DOUBLE (Line Drive, 8RM)
Batting: LHB António Boccanegra 0-0: Ball
1-0: Ball
2-0: Foul Ball, location: 2F
2-1: Foul Ball, location: 2F
2-2: SINGLE (Groundball, 4MD)
Jon Baxter to third
Runner from 3rd tries for Home, SAFE, throw made home
Batting: RHB Roberto Vázquez 0-0: Called Strike
0-1: Foul Ball, location: 2F
0-2: Ball
1-2: Foul Ball, location: 2F
1-2: Ball
2-2: Foul Ball, location: 2F
2-2: Foul Ball, location: 2F
2-2: Fielders Choice at 2nd, 5-4 (Groundball, 5)
Batting: RHB Bruce Ingilby 0-0: SINGLE (Groundball, 4MD)
Roberto Vázquez to second
Pinch Hitting: LHB Gonzalo Álvarez 0-0: Ball
1-0: Ball
2-0: Called Strike
2-1: Foul Ball, location: 2F
2-2: Foul Ball, location: 2F
2-2: Grounds into double play, 4-6-3 (Groundball, 4)
Top of the 7th over - 1 run(s), 3 hit(s), 0 error(s), 1 left on base; Lannister United 5 - Sun Prairie 3
BOTTOM OF THE 7TH
Sun Prairie Swallows batting - Pitching for Lannister United Lionhearts : LHP Carlos Díaz
Now in LF: Gonzalo Álvarez
Batting: RHB Ghislain Vespucci 0-0: Foul Ball, location: 2F
0-1: Foul Ball, location: 2F
0-2: Ball
1-2: Fly out, F8 (Flyball, 8RD)
Batting: LHB Jorge Borbón 0-0: Ball
1-0: Called Strike
1-1: Ball
2-1: Foul Ball, location: 2F
2-2: Ball
3-2: Base on Balls
Batting: RHB Luis Hernández 0-0: Called Strike
0-1: Ball
1-1: Ball
2-1: Foul Ball, location: 2F
2-2: Strikes out looking
Pitching: RHP José Montalópez
Batting: LHB Carlos Garza 0-0: Ball
1-0: Called Strike
1-1: Fly out, F6 (Flyball, 56D)
Bottom of the 7th over - 0 run(s), 0 hit(s), 0 error(s), 1 left on base; Lannister United 5 - Sun Prairie 3
TOP OF THE 8TH
Lannister United Lionhearts batting - Pitching for Sun Prairie Swallows : RHP Sherwood Lang
Pitching: LHP Jorge Velázquez
Batting: RHB Tony Martínez 0-0: Called Strike
0-1: Fly out, F7 (Flyball, 7)
Batting: SHB Corey Neace 0-0: SINGLE (Line Drive, 56D)
Batting: RHB Jason Compton 0-0: Ball
1-0: SINGLE (Line Drive, 34D)
Corey Neace to second
Runner from 2nd tries for 3rd, SAFE, throw made to third
Batting: RHB Bartolo Martínez 0-0: Ball
1-0: Ball
2-0: Foul Ball, location: 2F
2-1: Fly out, F9 (Flyball, 9LSF)
Runner from 3rd tags up, SCORES, no throw
Batting: LHB Jon Baxter 0-0: Called Strike
0-1: Ball
1-1: Ball
2-1: Swinging Strike
2-2: Strikes out swinging
Top of the 8th over - 1 run(s), 2 hit(s), 0 error(s), 1 left on base; Lannister United 6 - Sun Prairie 3
BOTTOM OF THE 8TH
Sun Prairie Swallows batting - Pitching for Lannister United Lionhearts : RHP José Montalópez
Batting: RHB José Sánchez 0-0: Reached on error, E9 (Flyball, 89S)
Pitching: RHP Tom Rosas
Batting: RHB Matías Torrella 0-0: Ball
1-0: Foul Ball, location: 2F
1-1: Swinging Strike
1-2: Ball
2-2: Strikes out swinging
Batting: RHB Dan Hart 0-0: Ball
1-0: Ball
2-0: SINGLE (Groundball, 6) (infield hit)
José Sánchez to second
Batting: RHB Darby Carveth 0-0: Called Strike
0-1: Called Strike
0-2: Ball
1-2: Strikes out swinging
Batting: RHB José Silva 0-0: Called Strike
0-1: Swinging Strike
0-2: Fielders Choice at 2nd, 6-4 (Groundball, 56)
Bottom of the 8th over - 0 run(s), 1 hit(s), 1 error(s), 1 left on base; Lannister United 6 - Sun Prairie 3
TOP OF THE 9TH
Lannister United Lionhearts batting - Pitching for Sun Prairie Swallows : LHP Jorge Velázquez
Batting: LHB António Boccanegra 0-0: Ball
1-0: Foul Ball, location: 2F
1-1: Swinging Strike
1-2: Ground out U3 (Groundball, 34)
Batting: RHB Roberto Vázquez 0-0: Swinging Strike
0-1: Called Strike
0-2: Ball
1-2: Strikes out looking
Batting: RHB Bruce Ingilby 0-0: Foul Ball, location: 2F
0-1: Foul Ball, location: 2F
0-2: SINGLE (Line Drive, 4)
Batting: LHB Gonzalo Álvarez 0-0: Called Strike
0-1: Called Strike
0-2: Ball
1-2: Foul Ball, location: 2F
1-2: Foul Ball, location: 2F
1-2: Fly out, F6 (Line Drive, 6M)
Top of the 9th over - 0 run(s), 1 hit(s), 0 error(s), 1 left on base; Lannister United 6 - Sun Prairie 3
BOTTOM OF THE 9TH
Sun Prairie Swallows batting - Pitching for Lannister United Lionhearts : RHP Tom Rosas
Pitching: LHP Fernando Castro
Batting: RHB Ghislain Vespucci 0-0: Called Strike
0-1: Called Strike
0-2: SINGLE (Line Drive, 6MD)
Batting: LHB Jorge Borbón 0-0: Ball
1-0: Swinging Strike
1-1: Swinging Strike
1-2: Ball
2-2: Foul Ball, location: 2F
2-2: Foul Ball, location: 2F
2-2: Strikes out swinging
Batting: RHB Luis Hernández 0-0: Ball
1-0: Called Strike
1-1: Foul Ball, location: 2F
1-2: Ball
2-2: Foul Ball, location: 2F
2-2: Foul Ball, location: 2F
2-2: Foul Ball, location: 2F
2-2: Ball
3-2: Foul Ball, location: 2F
3-2: Fly out, F2 (Popup, 5S)
Pitching: LHP Hank Downey
Batting: LHB Carlos Garza 0-0: Called Strike
0-1: Ball
1-1: Ball
2-1: Ball
3-1: Foul Ball, location: 2F
3-2: Base on Balls
Ghislain Vespucci to second
Batting: RHB José Sánchez 0-0: Fly out, F9 (Flyball, 9LS)
Bottom of the 9th over - 0 run(s), 1 hit(s), 0 error(s), 2 left on base; Lannister United 6 - Sun Prairie 3
Friday, December 30th, 2016 - OOTP Baseball 17.12 Build 75